Unix NetHack Version 3.7.0-88 Work-in-progress - last build Jul 17 2023 12:26:22 (ff3987481174382ea04ebda72e34ac83a40b9a22,branch:master). Game began 2023-07-26 19:08:06, ended 2023-07-26 19:56:51. spontiff, neutral male gnomish Healer ----- --------------------------------- |...| |...............................| ##....| |..-----..--|----.-----....----.|# ##|..<| |..|(+(|..|..| |.|...|.---- |.|#######---.- |..|(((|..|..| @.|@_.|.| |.|## # |..|...|.--------:|.e.|.| --+-.|# |..-|---.|...|...s@f..|.| |....|# |........|...-s..k|----.-+--..{.|# |.-----..-----.--+- +..........-# |. |........| |..--+-....|# . +. +....-|--- -----.| --+-.| . |. -.---|.. |"*.-.| |.| . |. ..| |...| |!).|.---- |.| . |. ..+ |...| |[! |....| |.| . |. ...---------+-----....----.| . |...............................| --- --------------------------------- Spontiff the Rhizotomist St:8 Dx:9 Co:17 In:11 Wi:16 Ch:16 Neutral S:250 Dlvl:6 $:23 HP:0(26) Pw:3(3) AC:-2 Xp:1/0 T:3745 Latest messages: G - a dart. The large kobold throws a dart! A dart misses you. G - a dart (2 in total). The floating eye turns to flee. What do you want to drop? [$a-km-zA-OQ-TV-Z or ?*] Never mind. What do you want to use or apply? [ekswzCHOSV or ?*] s In what direction? b Status of the large cat (neutral, small): Level 9 HP 59(72) AC 4, tame, can't move. The floating eye turns to flee. The floating eye turns to flee. You hear crashing rock. What do you want to use or apply? [ekswzCHOSV or ?*] s In what direction? j Status of the large cat (neutral, small): Level 9 HP 60(72) AC 4, tame, can't move. You hear a door open. The floating eye turns to flee. The floating eye turns to flee. You begin bashing monsters with your gloved hands. You miss the floating eye. You are frozen by the floating eye's gaze! You hear some noises. The cave spider misses! The large kobold misses! The cave spider bites! The cave spider bites! The iguana bites! The cave spider bites! The cave spider bites! The cave spider misses! The large kobold hits! The cave spider misses! The iguana bites! The large kobold misses! The cave spider misses! The large kobold just misses! The cave spider bites! The iguana misses! The floating eye turns to flee. The large kobold misses! The cave spider bites! The large cat picks up a dart. The cave spider bites! The cave spider misses! The large cat bites the floating eye. The iguana bites! You die... Do you want your possessions identified? [ynq] (y) y Do you want to see the dungeon overview? [ynq] (y) q Inventory: Coins $ - 23 gold pieces Weapons x - an uncursed +0 arrow G - 2 uncursed +0 darts W - an uncursed +0 dart Armor h - an uncursed rusty +0 dwarvish iron helm (being worn) I - a cursed -3 pair of gauntlets of fumbling g - an uncursed +1 pair of leather gloves (being worn) v - an uncursed +0 pair of iron shoes (being worn) j - an uncursed +0 dwarvish cloak q - an uncursed +0 dwarvish cloak (being worn) T - an uncursed +0 dwarvish cloak Z - an uncursed +0 dwarvish cloak Comestibles y - an uncursed apple n - an uncursed food ration p - an uncursed tripe ration Scrolls o - a cursed scroll of blank paper M - an uncursed scroll of destroy armor Q - an uncursed scroll of earth J - an uncursed scroll of identify a - an uncursed scroll of light m - 2 uncursed scrolls of remove curse N - a cursed scroll of remove curse Spellbooks C - an uncursed spellbook of healing Potions D - an uncursed potion of gain level c - a blessed potion of healing V - a blessed diluted potion of oil Rings L - a cursed ring of poison resistance R - an uncursed ring of polymorph control (on right hand) b - an uncursed ring of slow digestion i - a cursed ring of warning Wands H - an uncursed wand of probing (0:7) S - an uncursed wand of sleep (0:4) Tools z - an uncursed leash k - a cursed lock pick e - an uncursed +0 pick-axe s - an uncursed stethoscope w - an uncursed stethoscope Gems/Stones u - an uncursed amber stone B - 2 uncursed chrysoberyl stones E - 2 uncursed emeralds r - an uncursed fluorite stone f - an uncursed jasper stone t - a cursed obsidian stone F - a cursed worthless piece of black glass A - 2 uncursed worthless pieces of blue glass Y - an uncursed worthless piece of green glass X - an uncursed worthless piece of red glass d - a cursed worthless piece of red glass K - an uncursed worthless piece of yellowish brown glass O - an uncursed flint stone Spontiff the Healer's attributes: Background: You were a Rhizotomist, a level 1 male gnomish Healer. You were neutral, on a mission for Hermes who was opposed by Athena (lawful) and Poseidon (chaotic). You were in the Gnomish Mines, on level 6. You entered the dungeon 3745 turns ago. You had 0 experience points, 20 were needed to attain level 2. Your score was 250 before end-of-game adjustments. Basics: You had 0 out of 26 hit points. You had all 3 energy points (spell power). Your armor class was -2. Your wallet contained 23 zorkmids. Autopickup was on for '$!/="?' plus thrown, with exceptions. Final Characteristics: Your strength was 8 (limit:18/50). Your dexterity was 9 (limit:18). Your constitution was 17 (limit:18). Your intelligence was 11 (limit:19). Your wisdom was 16 (limit:18). Your charisma was 16 (limit:18). Final Status: You were not hungry. You were unencumbered. You were empty handed. You were unskilled in bare handed combat. Final Attributes: You were devoutly aligned. You were poison resistant. You had infravision. You had a moderate defense bonus (+7). You were warded. You had polymorph control. You are dead. Miscellaneous: You never encountered a bones level. Total elapsed playing time was 48 minutes and 45 seconds. Major events: Turn 1: spontiff the neutral male gnomish Healer entered the dungeon 1318: entered the Gnomish Mines 3401: reached Mine Town 3745: killed by an iguana, while frozen by a floating eye's gaze Vanquished creatures: a little dog 5 dwarves a kobold leader a giant bat 2 iguanas an acid blob 2 coyotes 2 hobbits a hobgoblin 4 giant rats a brown mold 2 yellow molds 7 gnomes a gnome zombie a gecko 9 jackals a fox 2 kobolds a goblin a sewer rat 4 grid bugs 2 bats 7 lichens a kobold zombie 8 newts 68 creatures vanquished. No species were genocided or became extinct. Voluntary challenges: You never hit with a wielded weapon. You were a pacifist. You were illiterate. You never engraved Elbereth. You never genocided any monsters. You never polymorphed an object. You never changed form. You used no wishes. Achievements: You entered the Gnomish Mines. You entered Minetown. You entered a shop. You entered a temple. The Dungeons of Doom: levels 1 to 5 Level 1: "magic trap; stashlet" Level 2: A sink. Level 3: Stairs down to The Gnomish Mines. Level 4: An altar. Level 5: The Gnomish Mines: levels 4 to 6 Level 4: Level 5: Level 6: <- You were here. A lighting shop, a temple to Hermes, a fountain. Final resting place for you, killed by an iguana, while frozen by a floating eye's gaze. Game over: ---------- / \ / REST \ / IN \ / PEACE \ / \ | spontiff | | 23 Au | | killed by an | | iguana | | | | | | 2023 | *| * * * | * _________)/\\_//(\/(/\)/\//\/|_)_______ Goodbye spontiff the Healer... You died in The Gnomish Mines on dungeon level 6 with 250 points, and 23 pieces of gold, after 3745 moves. You were level 1 with a maximum of 26 hit points when you died.